 Dungeon Crawl Stone Soup version 0.23-a0-650-ga4d50d4 (webtiles) character file.

23 Borgoz the Insei (level 2, 0/23 HPs)
             Began as a Gnoll Transmuter on Jan 3, 2019.
             Slain by a kobold (2 damage)
             ... on level 1 of the Dungeon.
             The game lasted 00:00:32 (181 turns).

Borgoz the Insei (Gnoll Transmuter)                  Turns: 181, Time: 00:00:33

Health: 0/23       AC:  2    Str: 12    XL:     2   Next: 95%
Magic:  7/7        EV: 14    Int: 15    God:
Gold:   0          SH:  0    Dex: 15    Spells: 9/10 levels left

rFire    . . .     SeeInvis .     - Unarmed
rCold    . . .     Gourm    .   (no shield)
rNeg     . . .     Faith    .   b - +0 robe
rPois    .         Spirit   .   (no helmet)
rElec    .         Reflect  .   (no cloak)
rCorr    .         Harm     .   (no gloves)
MR       .....                  (no boots)
Stlth    ++........             (no amulet)
HPRegen  0.07/turn              (no ring)
MPRegen  0.10/turn              (no ring)

@: appendage
A: distributed training, fangs 1, horns 2, strong nose
a: End Transformation


You were on level 1 of the Dungeon.
You were not hungry.
You had grown temporary horns.
You visited 1 branch of the dungeon, and saw 1 of its levels.

Inventory:

Missiles
 a - 12 arrows
Armour
 b - a +0 robe (worn)
Jewellery
 g - an uncursed amulet of magic regeneration {unknown}
Scrolls
 e - a scroll of identify {unknown}
Potions
 c - a potion of flight {unknown}
 f - a potion of brilliance {unknown}
Comestibles
 d - 4 rations


   Skills:
 + Level 2.5 Fighting
 + Level 0.5 Short Blades
 + Level 0.5 Long Blades
 + Level 0.5 Axes
 + Level 0.5 Maces & Flails
 + Level 0.5 Polearms
 + Level 0.5 Staves
 + Level 0.5 Slings
 + Level 0.5 Bows
 + Level 0.5 Crossbows
 + Level 0.5 Throwing
 + Level 0.5 Armour
 + Level 4.5 Dodging
 + Level 0.5 Stealth
 + Level 0.5 Shields
 + Level 6.5 Unarmed Combat
 + Level 4.9 Spellcasting
 + Level 0.4 Conjurations
 + Level 0.4 Hexes
 + Level 0.4 Charms
 + Level 0.4 Summonings
 + Level 0.4 Necromancy
 + Level 0.4 Translocations
 + Level 3.7 Transmutations
 + Level 0.4 Fire Magic
 + Level 0.4 Ice Magic
 + Level 0.4 Air Magic
 + Level 0.4 Earth Magic
 + Level 0.4 Poison Magic
 + Level 0.7 Invocations
 + Level 0.5 Evocations


You had 9 spell levels left.
You knew the following spells:

 Your Spells              Type           Power        Failure   Level  Hunger
a - Beastly Appendage     Tmut           ##....       3%          1    None

Your spell library contained the following spells:

 Spells                   Type           Power        Failure   Level  Hunger
 Sticks to Snakes         Tmut           ##......     5%          2    ##.....
 Spider Form              Tmut/Pois      #.........   22%         3    ###....
 Ice Form                 Ice/Tmut       #.......     56%         4    ####...
 Blade Hands              Tmut           ##........   69%         5    ######.


Dungeon Overview and Level Annotations

Branches:
Dungeon (1/15)

Altars:


Innate Abilities, Weirdness & Mutations

Your experience applies equally to all skills.
You have very sharp teeth.
Your uncanny sense of smell can sniff out nearby items.
You have a pair of horns on your head.


Message History

You hit the kobold.
The kobold is moderately wounded.
The bat hits you.
* * * LOW HITPOINT WARNING * * *
The kobold barely misses you. The bat closely misses you. The kobold hits you.
* * * LOW HITPOINT WARNING * * *
Found a dark potion.
Things that are here:
a +1 dagger of speed; a +0 club You hit the kobold but do no damage.
Your headbutt misses the kobold.
The kobold is moderately wounded.
The bat closely misses you. The bat misses you.
The bat hits you but does no damage. The kobold closely misses you.
You barely miss the kobold. You bite the kobold, but do no damage.
The kobold is moderately wounded.
The bat hits you but does no damage. The bat barely misses you.
You closely miss the bat. The bat hits you but does no damage.
The bat closely misses you. The kobold hits you.
You die...

.... ##########
.................###
........########...#####
........# #.............
........# #.......######
........###....#########
#........##...## ###....
.............## ##......
.......@.#...# ##....##'
.......Kb##..# #...####.
.........##.####..##....
.........##.# #...#..≈≈≈
............# #..##.≈≈..
.........#..# #..##.≈≈.<
!........#..# #..##.≈≈..
#........#..# #...#..≈≈.
##..##....


You could see a bat and a kobold.

Vanquished Creatures
  A gnoll (D:1)
  2 dart slugs (D:1)
  3 goblins (D:1)
  A kobold (D:1)
  2 rats (D:1)
9 creatures vanquished.

Notes
Turn   | Place    | Note
-------+----------+-------------------------------------------
     0 | D:1      | Borgoz the Gnoll Transmuter began the quest for the Orb.
     0 | D:1      | Reached XP level 1. HP: 17/17 MP: 6/6
   116 | D:1      | Reached XP level 2. HP: 23/23 MP: 7/7
   181 | D:1      | Slain by a kobold

Vault maps used:
D:1:      dpeg_arrival_concentric_ovals, chequers_serial_rivers_small_b,
          chequers_serial_rivers_micro_d, ashenzari_altar_1

Action                   || total
-------------------------++-------
Melee: Unarmed           ||    29
       Kick              ||     3
       Bite              ||     2
       Headbutt          ||     1
 Cast: Beastly Appendage ||     4
Armor: Robe              ||     5
Dodge: Dodged            ||    20

Table legend:
 A = Non-vault XP
 B = Vault XP
 C = Vault XP percentage of total XP
 D = Non-vault monster count
 E = Vault monster count
 F = Vault count percentage of total count
                 A         B        C        D         E       F
            +---------+---------+-------+---------+---------+-------
      Total |      33 |       0 |   0.0 |       9 |       0 |   0.0
            +---------+---------+-------+---------+---------+-------
        D:1 |      33 |       0 |   0.0 |       9 |       0 |   0.0
            +---------+---------+-------+---------+---------+-------
